 Dungeon Crawl Stone Soup version 0.29.1-15-g9cfb28693d (webtiles) character file.

Game seed: 11930129383150968300

13564 StoopidFlanders the Thaumaturge (level 12, -6/97 HPs)
             Began as a Gnoll Wanderer on Apr 9, 2023.
             Was an Elder of Cheibriados.
             Mangled by an ogre mage
             ... wielding a +0 spear
              (10 damage)
             ... on level 2 of the Orcish Mines.
             The game lasted 00:41:19 (12639 turns).

StoopidFlanders the Thaumaturge (Gnoll Wanderer)   Turns: 12639, Time: 00:41:20

Health: -6/97      AC:  9    Str: 18    XL:     12   Next: 7%
Magic:  26/26      EV: 21    Int: 31    God:    Cheibriados [****..]
Gold:   1111       SH:  0    Dex: 22    Spells: 21/31 levels left

rFire   . . .      SeeInvis .   K - +6 long sword
rCold   . . .      Faith    +   (no shield)
rNeg    . . .      Spirit   .   M - +0 robe "Bycsubik" {Will+ Int+4 Slay+2}
rPois   .          Reflect  .   c - +0 helmet
rElec   .          Harm     .   l - +1 cloak
rCorr   .          Rampage  .   (no gloves)
Will    +....                   w - +2 pair of boots
Stlth   ++++......              A - amulet of faith
HPRegen 0.26/turn               j - ring of wizardry
MPRegen 0.20/turn               p - +4 ring of evasion

@: very slow
A: fangs 1, strong nose, distributed training
a: Renounce Religion, Bend Time, Temporal Distortion, Slouch


You were on level 2 of the Orcish Mines.
You worshipped Cheibriados.
Cheibriados was greatly pleased with you.
You visited 3 branches of the dungeon, and saw 12 of its levels.
You also visited: Bailey.

You collected 1111 gold pieces.

Inventory:

Hand Weapons
 I - the +6 arbalest of Sloth {vorpal, Drain Int+5}
   (You found it on level 6 of the Dungeon)

   Any ammunition fired from it inflicts extra damage upon your enemies.
   Int:       It affects your intelligence (+5).
   Drain:     It drains your maximum health when unequipped.
 K - a +6 long sword (weapon)
Missiles
 y - 2 throwing nets (quivered)
Armour
 c - a +0 helmet (worn)
 l - a +1 cloak (worn)
 s - +0 acid dragon scales
 w - a +2 pair of boots (worn)
 M - the +0 robe "Bycsubik" (worn) {Will+ Int+4 Slay+2}
   (You found it on level 9 of the Dungeon)

   Int:       It affects your intelligence (+4).
   Slay:      It affects your accuracy & damage with ranged weapons and melee
   (+2).
   Will:      It increases your willpower.
Magical Staves
 C - a staff of air
Jewellery
 f - an amulet of the acrobat
 j - a ring of wizardry (left hand)
 p - a +4 ring of evasion (right hand)
 A - an amulet of faith (around neck)
 F - a ring of flight
Wands
 q - a wand of polymorph (5)
 H - a wand of iceblast (2)
 J - a wand of mindburst (10)
Scrolls
 d - 2 scrolls of noise
 m - a scroll of blinking
 r - 2 scrolls of silence
 u - a scroll of identify
 x - 3 scrolls of vulnerability
Potions
 b - 4 potions of brilliance
 h - 2 potions of mutation {unknown}
 i - 3 potions of cancellation
 k - 3 potions of might
 o - 3 potions of magic
 t - a potion of lignification
 B - a potion of attraction {unknown}
 D - a potion of flight {unknown}


   Skills:
 + Level 9.8 Fighting
 + Level 7.2 Short Blades
 + Level 7.2 Long Blades
 + Level 7.2 Axes
 + Level 7.2 Maces & Flails
 + Level 7.2 Polearms
 + Level 7.2 Staves
 + Level 7.2 Ranged Weapons
 + Level 7.2 Throwing
 + Level 7.2 Armour
 + Level 7.2 Dodging
 + Level 7.2 Stealth
 + Level 7.2 Shields
 + Level 7.2 Unarmed Combat
 + Level 10.2 Spellcasting
 + Level 7.1 Conjurations
 + Level 5.9 Hexes
 + Level 5.9 Summonings
 + Level 5.9 Necromancy
 + Level 5.9 Translocations
 + Level 7.1 Transmutations
 + Level 5.9 Fire Magic
 + Level 5.9 Ice Magic
 + Level 5.9 Air Magic
 + Level 5.9 Earth Magic
 + Level 5.9 Poison Magic
 + Level 7.9 Invocations
 + Level 7.2 Evocations


You had 21 spell levels left.
You knew the following spells:

 Your Spells              Type           Power      Damage    Failure   Level
a - Shock                 Conj/Air       100%       1d9       1%          1
b - Gell's Gravitas       Tloc           52%        N/A       1%          3
c - Frozen Ramparts       Ice            100%       1d16      1%          3
d - Tukima's Dance        Hex            52%        N/A       1%          3

Your spell library contained the following spells:

 Spells                   Type           Power      Damage    Failure   Level
 Beastly Appendage        Tmut           100%       N/A       1%          1
 Sandblast                Erth           100%       2d20      1%          1
 Sting                    Tmut/Pois      100%       1d8       1%          1
 Passwall                 Tmut/Erth      45%        N/A       1%          2
 Conjure Flame            Conj/Fire      54%        6-21      1%          3
 Dazzling Flash           Conj/Hex       100%       N/A       1%          3
 Inner Flame              Hex/Fire       52%        N/A       1%          3
 Ozocubu's Armour         Ice            52%        N/A       1%          3
 Portal Projectile        Hex/Tloc       100%       N/A       1%          3
 Spider Form              Tmut/Pois      54%        N/A       1%          3
 Stone Arrow              Conj/Erth      100%       3d13      1%          3
 Teleport Other           Tloc           52%        N/A       1%          3
 Cause Fear               Hex            26%        N/A       1%          4
 Ice Form                 Ice/Tmut       54%        N/A       1%          4
 Passage of Golubria      Tloc           52%        N/A       1%          4
 Summon Ice Beast         Ice/Summ       52%        N/A       1%          4
 Blade Hands              Tmut           28%        N/A       1%          5
 Alistair's Intoxication  Tmut/Pois      36%        N/A       2%          5
 Yara's Violent Unravell  Hex/Tmut       27%        3d12      2%          5
 Agony                    Necr           52%        N/A       3%          5
 Borgnjor's Vile Clutch   Necr/Erth      26%        N/A       3%          5
 Silence                  Hex/Air        26%        N/A       3%          5
 Eringya's Noxious Bog    Tmut/Pois      27%        N/A       13%         6
 Dispersal                Tloc           26%        N/A       16%         6
 Ozocubu's Refrigeration  Ice            26%        4d13      65%         7
 Discord                  Hex            26%        N/A       99%         8


Dungeon Overview and Level Annotations

Branches:
Dungeon (9/15)             Temple (1/1) D:7             Orc (2/2) D:9
    Elf (0/3) Orc:2        Bailey (visited)
   Lair: D:8-11

Altars:
Ashenzari
Cheibriados
Elyvilon
Fedhas
Hepliaklqana
Kikubaaqudgha
Makhleb
Uskayaw
Xom
Zin

Shops:
D:1 (


Innate Abilities, Weirdness & Mutations

You have very sharp teeth.
Your uncanny sense of smell can sniff out nearby items.
Your experience applies equally to all skills.


Message History

The two-headed ogre is almost dead.
Something closely misses you. The two-headed ogre misses you.
The two-headed ogre completely misses you.
Something hits you!
* * * LOW HITPOINT WARNING * * *
As you read the scroll of teleportation, it crumbles to dust.
You feel strangely unstable.
You hear some strange, mumbled words.
Something tries to affect you, but you resist.
The two-headed ogre misses you. The two-headed ogre barely misses you.
Okay, then.
Magic courses through your body. Something hits you!
* * * LOW HITPOINT WARNING * * *
The two-headed ogre closely misses you.
The two-headed ogre completely misses you.
Something hits you!
* * * LOW HITPOINT WARNING * * *
An ogre comes into view. It is wielding a +0 giant spiked club.
Blink to where?
Press: ? - help, Dir - move target A two-headed ogre comes into view.
It is wielding a +0 giant spiked club and a +0 dire flail.
As you read the scroll of blinking, it crumbles to dust.
It was a potion of lignification.
You turn into a tree.
Your +1 cloak melds into your body.
Your +0 helmet melds into your body.
Your +2 pair of boots melds into your body.
The +0 robe "Bycsubik" {Will+ Int+4 Slay+2} melds into your body.
Your roots penetrate the ground.
You feel strangely stable.
Okay, then.
As you read the scroll labelled INOEKHL WUASE, it crumbles to dust.
It is a scroll of enchant weapon.
Your +5 long sword glows red for a moment.
Your magical effects are unravelling.
You feel magically purged.
You feel less wooden.
Your +1 cloak unmelds from your body.
Your +0 helmet unmelds from your body.
Your +2 pair of boots unmelds from your body.
The +0 robe "Bycsubik" {Will+ Int+4 Slay+2} unmelds from your body.
You flicker back into view.
Something hits you!
You die...

##.#....#......#
####...#..#)#.....#
##.##..###..[).OO..#
####......##.O))##....#
##.###.##.####†..#.....#
#...#..#...####O)......#
.#......#...# ##{.)....#
..#.#..###.####>.......O
..#.....#### #..@.#)..O.
.#......## #....#.....#
..#......# ##.#.##$...#
........### ##... ....#
........#.## #.. ∆...#
....##.....# ###. .#
......#.#.## # #
.<.....#### #.#...##


You could see 4 two-headed ogres and an ogre.

Vanquished Creatures
  Erica (D:9)
  4 two-headed ogres
  An ogre mage (Orc:1)
  A cyclops (D:9)
  An unseen horror (D:7)
  Psyche (D:9)
  A troll (D:9)
  Grinder (D:3)
  18 yaks
  A vampire (D:9)
  2 steam dragons (D:9)
  2 wargs (Orc:1)
  2 acid dragons (D:9)
  2 water moccasins
  6 orc warriors
  A black bear (D:7)
  3 ice beasts
  6 ogres
  A sky beast (D:8)
  2 centaurs
  A phantom (D:7)
  Blork the orc (D:5)
  A gnoll sergeant (D:8)
  2 scorpions
  3 bullfrogs
  9 wights
  4 killer bees (D:9)
  2 jellies
  9 orc priests
  4 hounds
  A gnoll bouda (D:5)
  5 iguanas
  9 orc wizards
  Robin (D:2)
  8 adders
  27 gnolls
  2 shadow imps (D:6)
  A white imp (D:5)
  2 worms
  3 dart slugs
  58 orcs
  6 ball pythons
  A bat (D:1)
  11 endoplasms
  2 giant cockroaches
  22 goblins
  6 hobgoblins
  4 kobolds
  6 quokkas
  6 frilled lizards
  3 rats
277 creatures vanquished.

Vanquished Creatures (collateral kills)
  A two-headed ogre (Orc:2)
  2 orc warriors
  An ogre (Orc:1)
4 creatures vanquished.

Vanquished Creatures (others)
  4 dancing weapons
  A fungus (D:3)
  2 plants (D:3)
7 creatures vanquished.

Grand Total: 288 creatures vanquished

Notes
Turn   | Place    | Note
-------+----------+-------------------------------------------
     0 | D:1      | StoopidFlanders the Gnoll Wanderer began the quest for the
                  | Orb.
     0 | D:1      | StoopidFlanders set off with the following items: a +0
                  | dagger, a scroll of butterflies, a +0 robe, a potion of
                  | curing; and the following spells available to memorise:
                  | Beastly Appendage, Shock, Sting, Conjure Flame, Spider
                  | Form.
     0 | D:1      | Reached XP level 1. HP: 23/23 MP: 8/8
     2 | D:1      | Learned a level 1 spell: Shock
   210 | D:1      | Found Taitrunk's Weapon Shop.
   240 | D:1      | Reached XP level 2. HP: 27/29 MP: 10/10
   770 | D:2      | Reached XP level 3. HP: 35/35 MP: 9/11
   992 | D:2      | Reached skill level 1 in Invocations
  1129 | D:2      | Found a glowing silver altar of Zin.
  1184 | D:2      | Noticed Robin
  1201 | D:2      | Reached skill level 1 in Short Blades
  1201 | D:2      | Reached skill level 1 in Long Blades
  1201 | D:2      | Reached skill level 1 in Axes
  1201 | D:2      | Reached skill level 1 in Maces & Flails
  1201 | D:2      | Reached skill level 1 in Polearms
  1201 | D:2      | Reached skill level 1 in Staves
  1201 | D:2      | Reached skill level 1 in Ranged Weapons
  1201 | D:2      | Reached skill level 1 in Throwing
  1201 | D:2      | Reached skill level 1 in Armour
  1201 | D:2      | Reached skill level 1 in Dodging
  1201 | D:2      | Reached skill level 1 in Stealth
  1201 | D:2      | Reached skill level 1 in Shields
  1201 | D:2      | Reached skill level 1 in Unarmed Combat
  1201 | D:2      | Reached skill level 1 in Evocations
  1206 | D:2      | Killed Robin
  1207 | D:2      | Reached XP level 4. HP: 22/41 MP: 3/13
  1582 | D:3      | Reached skill level 1 in Hexes
  1582 | D:3      | Reached skill level 1 in Summonings
  1582 | D:3      | Reached skill level 1 in Necromancy
  1582 | D:3      | Reached skill level 1 in Translocations
  1582 | D:3      | Reached skill level 1 in Fire Magic
  1582 | D:3      | Reached skill level 1 in Ice Magic
  1582 | D:3      | Reached skill level 1 in Air Magic
  1582 | D:3      | Reached skill level 1 in Earth Magic
  1582 | D:3      | Reached skill level 1 in Poison Magic
  1635 | D:3      | Noticed Grinder
  1675 | D:3      | Reached XP level 5. HP: 13/47 MP: 1/14
  2085 | D:3      | Paralysed by Grinder for 2 turns
  2093 | D:3      | Killed Grinder
  2094 | D:3      | Reached XP level 6. HP: 36/53 MP: 1/16
  2272 | D:3      | Found a faded altar of an unknown god.
  2476 | D:3      | Learned a level 3 spell: Conjure Flame
  2480 | D:3      | Learned a level 3 spell: Frozen Ramparts
  2693 | D:4      | Reached XP level 7. HP: 24/60 MP: 0/18
  3253 | D:5      | Entered Level 5 of the Dungeon
  3436 | D:5      | Noticed Blork the orc
  3445 | D:5      | Killed Blork the orc
  3846 | D:5      | Reached XP level 8. HP: 43/67 MP: 19/19
  4792 | D:6      | Reached skill level 8 in Spellcasting
  4972 | D:6      | Identified the +6 arbalest of Sloth {vorpal, Drain Int+5}
  5711 | D:7      | Found a flagged portal.
  5742 | Bailey   | Entered a bailey
  6068 | Bailey   | Reached skill level 5 in Conjurations
  6068 | Bailey   | Reached skill level 5 in Transmutations
  6566 | D:7      | Reached XP level 9. HP: 58/73 MP: 21/21
  7062 | D:7      | Found a staircase to the Ecumenical Temple.
  7099 | Temple   | Entered the Ecumenical Temple
  7106 | Temple   | Became a worshipper of Cheibriados the Contemplative
  7252 | D:7      | Found an ancient bone altar of Kikubaaqudgha.
  7370 | D:7      | Found a white marble altar of Elyvilon.
  7435 | D:7      | Found a burning altar of Makhleb.
  7445 | D:7      | Killed an unseen horror
  8018 | D:7      | Reached * piety under Cheibriados
  8019 | D:7      | Reached skill level 5 in Invocations
  8634 | D:8      | Reached skill level 5 in Short Blades
  8634 | D:8      | Reached skill level 5 in Long Blades
  8634 | D:8      | Reached skill level 5 in Axes
  8634 | D:8      | Reached skill level 5 in Maces & Flails
  8634 | D:8      | Reached skill level 5 in Polearms
  8634 | D:8      | Reached skill level 5 in Staves
  8634 | D:8      | Reached skill level 5 in Ranged Weapons
  8634 | D:8      | Reached skill level 5 in Throwing
  8634 | D:8      | Reached skill level 5 in Armour
  8634 | D:8      | Reached skill level 5 in Dodging
  8634 | D:8      | Reached skill level 5 in Stealth
  8634 | D:8      | Reached skill level 5 in Shields
  8634 | D:8      | Reached skill level 5 in Unarmed Combat
  8634 | D:8      | Reached skill level 5 in Evocations
  8634 | D:8      | Reached XP level 10. HP: 70/81 MP: 4/22
  8637 | D:8      | Reached ** piety under Cheibriados
  8638 | D:8      | Reached skill level 9 in Spellcasting
  9333 | D:8      | Reached *** piety under Cheibriados
  9935 | D:9      | Noticed a two-headed ogre
  9947 | D:9      | Killed a two-headed ogre
  9948 | D:9      | Reached skill level 5 in Hexes
  9948 | D:9      | Reached skill level 5 in Summonings
  9948 | D:9      | Reached skill level 5 in Necromancy
  9948 | D:9      | Reached skill level 5 in Translocations
  9948 | D:9      | Reached skill level 5 in Fire Magic
  9948 | D:9      | Reached skill level 5 in Ice Magic
  9948 | D:9      | Reached skill level 5 in Air Magic
  9948 | D:9      | Reached skill level 5 in Earth Magic
  9948 | D:9      | Reached skill level 5 in Poison Magic
  9948 | D:9      | Reached XP level 11. HP: 50/89 MP: 19/24
 10130 | D:9      | Noticed Psyche
 10138 | D:9      | Killed Psyche
 10275 | D:9      | Noticed a cyclops
 10278 | D:9      | Noticed Erica
 10502 | D:9      | Killed Erica
 10643 | D:9      | Found a staircase to the Orcish Mines.
 10698 | D:9      | Killed a cyclops
 10713 | D:9      | Identified the +0 robe "Bycsubik" {Will+ Int+4 Slay+2}
 11106 | D:9      | Reached **** piety under Cheibriados
 11651 | D:9      | Learned a level 3 spell: Gell's Gravitas
 11655 | D:9      | Learned a level 3 spell: Tukima's Dance
 11658 | Orc:1    | Entered Level 1 of the Orcish Mines
 11749 | Orc:1    | Noticed a two-headed ogre
 11750 | Orc:1    | Noticed an ogre mage
 11757 | Orc:1    | Noticed a two-headed ogre
 11761 | Orc:1    | Killed a two-headed ogre
 11772 | Orc:1    | Killed a two-headed ogre
 11999 | Orc:1    | Killed an ogre mage
 12000 | Orc:1    | Reached skill level 10 in Spellcasting
 12555 | Orc:2    | Entered Level 2 of the Orcish Mines
 12598 | Orc:2    | Found a staircase to the Elven Halls.
 12598 | Orc:2    | Noticed an orc knight
 12609 | Orc:2    | Noticed a two-headed ogre
 12616 | Orc:2    | Noticed an ogre mage
 12617 | Orc:2    | Noticed a two-headed ogre
 12620 | Orc:2    | Noticed an ogre mage
 12620 | Orc:2    | Noticed a two-headed ogre
 12625 | Orc:2    | Noticed a two-headed ogre
 12625 | Orc:2    | Killed a two-headed ogre
 12626 | Orc:2    | Noticed a two-headed ogre
 12626 | Orc:2    | Noticed a two-headed ogre
 12628 | Orc:2    | Noticed a two-headed ogre
 12629 | Orc:2    | Reached ***** piety under Cheibriados
 12630 | Orc:2    | Killed a two-headed ogre
 12631 | Orc:2    | Reached XP level 12. HP: 18/97 MP: 2/26
 12635 | Orc:2    | HP: 3/97 [something (12)]
 12636 | Orc:2    | Noticed a two-headed ogre
 12639 | Orc:2    | Mangled by an ogre mage

Illustrated notes

Levels and vault maps discovered:
D:1:      giann_bridges, layout_rooms, serial_shops, nicolae_shop_behind_doors
D:2:      layout_rooms, basic_altar, uniq_robin
D:3:      layout_rooms, shapermc_ecumenical_altar_rom_forum, uniq_grinder
D:4:      layout_rooms, corexii_corridor_pit
D:5:      layout_basic, uniq_blork_the_orc
D:6:      layout_layer_cave
D:7:      layout_basic, mainiacjoe_overflow_small_starburst,
          mainiacjoe_overflow_large_starburst, minmay_temple_entry_sparse_star,
          enter_bailey_5, kennysheep_generic_room_8
D:8:      layout_loops_corners
D:9:      minmay_distorted_concentric_squares, layout_basic, orc_0_dummy,
          uniq_psyche, uniq_erica
Temple:   hellmonk_temple_of_storms
Orc:1:    layout_caves, mines1_david
Orc:2:    st_orc_ogre_mass, layout_caves, basic_altar, mines_bat_river

Skill      XL: |  1  2  3  4  5  6  7  8  9 10 11 |
---------------+----------------------------------+-----
Invocations    | 1 2 3 4 5 6 7 |  7.9
Short Blades   | 1 2 3 5 6 7 |  7.2
Long Blades    | 1 2 3 5 6 7 |  7.2
Axes           | 1 2 3 5 6 7 |  7.2
Maces & Flails | 1 2 3 5 6 7 |  7.2
Polearms       | 1 2 3 5 6 7 |  7.2
Staves         | 1 2 3 5 6 7 |  7.2
Ranged Weapons | 1 2 3 5 6 7 |  7.2
Throwing       | 1 2 3 5 6 7 |  7.2
Armour         | 1 2 3 5 6 7 |  7.2
Dodging        | 1 2 3 5 6 7 |  7.2
Stealth        | 1 2 3 5 6 7 |  7.2
Shields        | 1 2 3 5 6 7 |  7.2
Unarmed Combat | 1 2 3 5 6 7 |  7.2
Evocations     | 1 2 3 5 6 7 |  7.2
Hexes          | 1 2 3 4 5 |  5.9
Summonings     | 1 2 3 4 5 |  5.9
Necromancy     | 1 2 3 4 5 |  5.9
Translocations | 1 2 3 4 5 |  5.9
Fire Magic     | 1 2 3 4 5 |  5.9
Ice Magic      | 1 2 3 4 5 |  5.9
Air Magic      | 1 2 3 4 5 |  5.9
Earth Magic    | 1 2 3 4 5 |  5.9
Poison Magic   | 1 2 3 4 5 |  5.9
Conjurations   | 4 5 6 7 |  7.1
Transmutations | 4 5 6 7 |  7.1
Fighting       | 7 8 9 |  9.8
Spellcasting   | 8 9 10 | 10.2

Action                   |  1- 3 |  4- 6 |  7- 9 | 10-12 || total
-------------------------+-------+-------+-------+-------++-------
Melee: Dagger            |    76 |    68 |    76 |       ||   220
       Bite              |     8 |     4 |    39 |    20 ||    71
       Punch             |       |     1 |     9 |     7 ||    17
       Whip              |       |       |   266 |       ||   266
       Staff             |       |       |     8 |       ||     8
       Long sword        |       |       |    18 |   140 ||   158
 Cast: Shock             |    30 |    71 |   106 |   106 ||   313
       Frozen Ramparts   |       |     2 |    22 |    22 ||    46
       Conjure Flame     |       |     2 |     6 |       ||     8
       Tukima's Dance    |       |       |       |    18 ||    18
Invok: Slouch            |       |       |       |     2 ||     2
       Temporal Distorti |       |       |       |     1 ||     1
Evoke: Wand              |       |       |     3 |     1 ||     4
  Use: Potion            |       |     2 |     2 |    10 ||    14
       Scroll            |       |     1 |     5 |    11 ||    17
 Stab: Sleeping          |     2 |       |    11 |     3 ||    16
       Distracted        |       |       |       |     2 ||     2
Armor: Robe              |    23 |     1 |       |    27 ||    51
       Animal skin       |       |    18 |   105 |    11 ||   134
Dodge: Dodged            |    53 |    62 |   292 |   203 ||   610
